 Dungeon Crawl Stone Soup version 0.26.1-2-gb8aa6d0cf2 (webtiles) character file.

Game seed: 6795625876616243351

2583 PentaManta the Nimble (level 9, -1/61 HPs)
             Began as an Octopode Abyssal Knight on Feb 9, 2021.
             Was an Elder of Lugonu.
             Slain by a killer bee (9 damage)
             ... on level 8 of the Dungeon.
             The game lasted 00:20:12 (11034 turns).

PentaManta the Nimble (Octopode Abyssal Knight)    Turns: 11034, Time: 00:20:12

Health: -1/61      AC:  1    Str: 11    XL:     9   Next: 58%
Magic:  13/13      EV: 18    Int: 14    God:    Lugonu [****..]
Gold:   516        SH:  0    Dex: 15    Spells: 8/8 levels left

rFire    + . .     SeeInvis .     - Unarmed
rCold    . . .     Faith    .   (no shield)
rNeg     . . .     Spirit   .   (helmet restricted)
rPois    .         Reflect  .   (no amulet)
rElec    .         Harm     .   t - ring of willpower
rCorr    .         Rampage  .   x - ring of protection from fire
Will     +....                  (no ring)
Stlth    ++........             (no ring)
HPRegen  0.20/turn              (no ring)
MPRegen  0.13/turn              (no ring)
                                (no ring)
                                (no ring)

@: lethally poisoned (-1 -> -2)
A: almost no armour, stealthy swim, amphibious, 8 rings, constrict 8, camouflage
1, gelatinous body 1
a: Renounce Religion, Depart the Abyss, Bend Space, Banish, Corrupt


You were on level 8 of the Dungeon.
You worshipped Lugonu.
Lugonu was greatly pleased with you.
You visited 1 branch of the dungeon, and saw 8 of its levels.
You visited the Abyss 1 time.
You also visited: Ossuary.

You collected 516 gold pieces.

Inventory:

Hand Weapons
 j - a +0 mace of protection
 s - a +0 whip of electrocution
Missiles
 i - 209 stones (quivered)
 n - 4 atropa-tipped darts
 u - 2 throwing nets
 v - a javelin
Jewellery
 m - an uncursed ring of fire
 t - a ring of willpower (left tentacle)
 x - a ring of protection from fire (right tentacle)
Scrolls
 a - 5 scrolls of noise {unknown}
 b - 6 scrolls of teleportation
 c - 2 scrolls of remove curse {unknown}
 e - a scroll of immolation {unknown}
 f - 4 scrolls of blinking {unknown}
 g - a scroll of fear {unknown}
 h - a scroll of magic mapping {unknown}
 k - 8 scrolls of identify {unknown}
 l - 2 scrolls of enchant armour {unknown}
 q - 2 scrolls of enchant weapon {unknown}
 y - a scroll of amnesia {unknown}
 E - a scroll of fog {unknown}
Potions
 d - a potion of lignification
 o - a potion of brilliance
 p - a potion of attraction {unknown}
 r - a potion of berserk rage {unknown}
 w - a potion of ambrosia
 z - 3 potions of magic
 B - 2 potions of flight
 C - a potion of might {unknown}
 D - a potion of haste {unknown}
 F - a potion of resistance {unknown}


   Skills:
 * Level 5.2 Fighting
 * Level 8.2 Dodging
 + Level 7.6 Unarmed Combat
 * Level 5.9 Invocations


You had 8 spell levels left.
You didn't know any spells.
Your spell library was empty.

Dungeon Overview and Level Annotations

Branches:
Dungeon (8/15)             Temple (0/1) D:7         Ossuary (visited)
   Lair: D:8-11

Altars:
Hepliaklqana
Xom

Annotations:
D:6 Sigmund


Innate Abilities, Weirdness & Mutations

You cannot wear most types of armour.
You are very stealthy in the water. (Stealth+)
You are amphibious.
You can wear up to eight rings at the same time.
You can use your tentacles to constrict eight enemies at once.
Your skin changes colour to match your surroundings (Stealth+).
Your rubbery body absorbs attacks. (AC +1, EV +1)


Message History

The adder is almost dead.
You constrict the adder.
You kill the adder!
Lugonu accepts your kill. The adder closely misses you.
You barely miss the adder. You grab the adder.
You tentacle-slap the adder, but do no damage.
You constrict the adder. The adder barely misses you.
You tentacle-slap the adder.
The adder is heavily wounded.
You constrict the adder.
You feel sick. The adder barely misses you. x2
You bludgeon the adder!
You kill the adder!
Lugonu accepts your kill.
You tentacle-slap the killer bee. You grab the killer bee.
The killer bee is moderately wounded.
You constrict the killer bee. The killer bee stings you!
* * * LOW HITPOINT WARNING * * *
The killer bee stings you!
You die...

## ##.#. .(... ....
.#.##.#.# #. ##
.......#...
..#.#.(....
?#....).#.#.
..Z#).......
.#§#@#.##.
..#.y†.......
#.#.#.##.###.
#....... .$ .####
#.#.##.## .#
......##.#.##.###.#
###.............
............#####.
#########<.......


You could see a killer bee.

Vanquished Creatures
  Prince Ribbit (D:5)
  An orc warrior (D:7)
  An ice beast (D:6)
  A phantom (D:4)
  3 centaurs
  An elf zombie (Ossuary)
  4 bullfrogs
  A water moccasin zombie (D:5)
  A water moccasin skeleton (D:4)
  A scorpion (D:6)
  A killer bee (D:7)
  A wight (D:8)
  A howler monkey (D:6)
  5 centaur zombies
  A quasit (D:7)
  4 hounds
  3 orc wizards
  A centaur skeleton (D:6)
  3 orc priests
  A jelly (D:7)
  A bullfrog skeleton (D:5)
  2 worker ants
  2 iguanas
  An ogre zombie (Ossuary)
  7 mummies (Ossuary)
  A worker ant zombie (D:5)
  4 gnolls (D:3)
  15 adders
  3 shadow imps
  2 white imps
  An ooze (D:7)
  6 adder zombies (Ossuary)
  5 worms
  A dart slug (D:2)
  3 leopard geckos
  26 orcs
  A ball python (D:2)
  5 giant cockroaches
  A gnoll zombie (Ossuary)
  8 goblins
  4 hobgoblins
  7 jackals
  7 bats
  5 frilled lizards
  2 goblin zombies (Ossuary)
  4 hobgoblin zombies (Ossuary)
  7 kobolds
  3 kobold zombies (Ossuary)
  A leopard gecko skeleton (D:5)
  2 quokka zombies (Ossuary)
  6 rats
  6 rat zombies (Ossuary)
185 creatures vanquished.

Vanquished Creatures (others)
  2 plants (D:7)
2 creatures vanquished.

Grand Total: 187 creatures vanquished

Notes
Turn   | Place    | Note
-------+----------+-------------------------------------------
     0 | Abyss:1  | PentaManta the Octopode Abyssal Knight began the quest for
                  | the Orb.
     0 | Abyss:1  | Reached XP level 1. HP: 16/16 MP: 2/2
    31 | Abyss:1  | Noticed a small abomination
    34 | Abyss:1  | Noticed a tentacled starspawn
    36 | Abyss:1  | Noticed a quasit
    37 | D:1      | Escaped the Abyss
   228 | D:1      | Reached XP level 2. HP: 16/21 MP: 3/3
  1054 | D:2      | Reached XP level 3. HP: 18/26 MP: 4/4
  1164 | D:2      | Found a shimmering altar of Xom.
  1454 | D:2      | Reached * piety under Lugonu
  1500 | D:2      | Reached XP level 4. HP: 31/31 MP: 5/5
  1851 | D:2      | You fall into a shaft and drop 1 floor!
  2034 | D:2      | Found a shimmering altar of Xom.
  2034 | D:2      | Found a shimmering altar of Xom.
  2034 | D:2      | Found a shimmering altar of Xom.
  2036 | D:2      | Found a shimmering altar of Xom.
  2451 | D:2      | Reached skill level 5 in Unarmed Combat
  2531 | D:2      | Reached XP level 5. HP: 36/36 MP: 6/6
  2673 | D:2      | HP: 1/36 [adder (2)]
  3004 | D:3      | Reached ** piety under Lugonu
  3005 | D:3      | Reached skill level 3 in Dodging
  3770 | D:4      | Noticed a phantom
  4030 | D:4      | Reached XP level 6. HP: 25/42 MP: 7/7
  4576 | D:4      | HP: 3/63 [phantom (6)]
  4584 | D:4      | Killed a phantom
  4585 | D:4      | Reached skill level 4 in Dodging
  5435 | D:4      | Reached XP level 7. HP: 46/46 MP: 8/8
  5660 | D:5      | Entered Level 5 of the Dungeon
  5737 | D:5      | Reached skill level 5 in Dodging
  5944 | D:5      | Found a hazy altar of Hepliaklqana.
  7026 | D:5      | Reached skill level 6 in Dodging
  7341 | D:6      | Found a sand-covered staircase.
  7365 | D:6      | Reached XP level 8. HP: 6/52 MP: 9/9
  7536 | D:6      | Noticed Prince Ribbit
  7569 | Ossuary  | Entered an ossuary
  7766 | Ossuary  | Reached *** piety under Lugonu
  8681 | Ossuary  | Reached skill level 7 in Dodging
  9051 | D:7      | Noticed a manticore
  9352 | D:6      | Noticed Sigmund
  9645 | D:6      | Reached XP level 9. HP: 51/58 MP: 12/12
  9935 | D:5      | Killed Prince Ribbit
  9936 | D:5      | Reached skill level 5 in Invocations
 10770 | D:7      | Reached **** piety under Lugonu
 10771 | D:7      | Reached skill level 8 in Dodging
 10930 | D:7      | Reached skill level 5 in Fighting
 10963 | D:7      | Found a staircase to the Ecumenical Temple.
 11012 | D:8      | HP: 4/91 [poisoned by a killer bee]
 11034 | D:8      | Slain by a killer bee

Illustrated notes

Levels and vault maps discovered:
D:1:      minmay_arrival_radiant_lines, layout_basic
D:2:      minmay_alternating_diamond, layout_basic, xom_redecorated
D:3:      layout_basic
D:4:      layout_cave_pods, roderic_serpentine_path
D:5:      layout_basic, basic_altar
D:6:      layout_rooms, nicolae_ossuary_entry_ruins, st_stairs_12,
          chequers_jeans, grunt_decor_one_mirror, kennysheep_generic_room_5,
          uniq_prince_ribbit1, uniq_sigmund
D:7:      layout_basic, minmay_temple_entry_overgrown, serial_shops,
          kennysheep_mini
D:8:      layout_loops_ring, chequers_serial_rivers_micro_a,
          minmay_diced_spiral, uniq_erica

Skill      XL: |  1  2  3  4  5  6  7  8  9 |
---------------+----------------------------+-----
Unarmed Combat | 3 4 5 6 7 |  7.6
Dodging        | 3 4 6 7 8 |  8.2
Invocations    | 4 5 |  5.9
Fighting       | 4 5 |  5.2

Action                   |  1- 3 |  4- 6 |  7- 9 || total
-------------------------+-------+-------+-------++-------
Melee: Unarmed           |    56 |   174 |   393 ||   623
       Constrict         |    17 |    42 |    83 ||   142
       Tentacles         |     9 |    34 |    88 ||   131
       Punch             |     2 |     6 |    26 ||    34
Throw: Stone             |     6 |     9 |    28 ||    43
       Javelin           |       |     4 |     2 ||     6
Invok: Depart the Abyss  |     1 |       |       ||     1
       Bend Space        |       |       |     6 ||     6
       Banish            |       |       |     2 ||     2
  Use: Potion            |       |     8 |     5 ||    13
       Scroll            |       |     1 |       ||     1
 Stab: Sleeping          |     1 |     8 |    14 ||    23
       Distracted        |       |     1 |     3 ||     4
Armor: Skin              |     4 |     7 |    54 ||    65
Dodge: Dodged            |    29 |   105 |   284 ||   418
